 Dungeon Crawl Stone Soup version 0.28-a0-612-gcfc00ec14d (webtiles) character file.

Game seed: 7131365330144644493

99 bande the Covered (level 4, 26/26 HPs)
             Began as a Gargoyle Fighter on Oct 5, 2021.
             Quit the game on level 3 of the Dungeon.
             The game lasted 00:04:09 (2558 turns).

bande the Covered (Gargoyle Fighter)                Turns: 2558, Time: 00:04:10

Health: 26/26      AC: 10    Str: 20    XL:     4   Next: 72%
Magic:  4/4        EV:  9    Int: 11    God:
Gold:   131        SH:  4    Dex:  9    Spells: 3/3 levels left

rFire   . . .      SeeInvis .   a - +1 war axe
rCold   . . .      Faith    .   c - +0 buckler
rNeg    + . .      Spirit   .   b - +0 scale mail
rPois   ∞          Reflect  .   (helmet restricted)
rElec   +          Harm     .   (no cloak)
rCorr   .          Rampage  .   (no gloves)
Will    .....                   (no boots)
Stlth   ..........              (no amulet)
HPRegen 0.08/turn               (no ring)
MPRegen 0.09/turn               (no ring)

@: about to teleport
A: sickness immunity, AC +3, negative energy resistance 1, electricity
resistance, torment resistance 1, petrification resistance, horns 1, clever 1,
frail 1
a: no special abilities


You were on level 3 of the Dungeon.
You visited 1 branch of the dungeon, and saw 3 of its levels.

You collected 131 gold pieces.

Inventory:

Hand Weapons
 a - a +1 war axe (weapon)
 f - a +0 flail
 h - a +0 flail
Armour
 b - a +0 scale mail (worn)
 c - a +0 buckler (worn)
Jewellery
 i - an amulet of the acrobat
Scrolls
 k - a scroll of summoning
 m - a scroll of identify
Potions
 d - a potion of might
 l - 2 potions of flight


   Skills:
 + Level 3.7 Fighting
 + Level 3.2 Axes
 + Level 3.9 Armour
 + Level 3.8 Shields


You had 3 spell levels left.
You didn't know any spells.
Your spell library was empty.

Dungeon Overview and Level Annotations

Branches:
Dungeon (3/15)

Altars:
Zin


Innate Abilities, Weirdness & Mutations

You are immune to sickness and miasma.
Your stone body is resilient. (AC +3)
You are immune to poison.
You resist negative energy. (rN+)
You are resistant to electric shocks. (rElec)
You are resistant to unholy torment.
You are immune to petrification.
You have a pair of small horns on your head.
Your mind is acute. (Int +2)
You are frail. (-10% HP)


Message History

No target in view!
No target in view!
No target in view!
Found a glowing silver altar of Zin.
Found an escape hatch in the floor.
No target in view!
No target in view!
No target in view!
No target in view!
No target in view!
No target in view!
No target in view!
A hobgoblin comes into view.
The hobgoblin shouts!
A hobgoblin is nearby!
You see here 2 scrolls of identify.
The hobgoblin hits you but does no damage.
You slash the hobgoblin!
You kill the hobgoblin!
No target in view!
No target in view!
No target in view!
No target in view!
No target in view!
No target in view!
m - 2 scrolls of identify
Found a stone staircase leading up.
No target in view!
No target in view!
As you read the scroll labelled ASIPSA DATZO, it crumbles to dust.
You feel strangely unstable.
It was a scroll of teleportation.
As you read the scroll labelled ETHRUTA MEFE, it crumbles to dust.
You assume a fearsome visage.
Nothing appears to happen.
It was a scroll of fear.
As you read the scroll of identify, it crumbles to dust.
g - a potion of mutation Really quaff the potion of mutation?
You feel extremely strange.
You feel clever.
You feel frail. A pair of horns grows on your head!
Are you sure you want to abandon this character and quit the game? (Confirm with "yes".)

########.. .......<.
#......#.# #.#####@#
#.# +.......######.#
#..####.....##.#
#........##.######
#..#.##.##..#.......#
#..#.#...#..#.......##
......_.......†......
#..#...#.#.........#
#..##.##.#.>.......#


There were no monsters in sight!

Vanquished Creatures
  An orc wizard (D:3)
  3 adders (D:3)
  An adder skeleton (D:3)
  7 orcs (D:3)
  A ball python (D:2)
  4 endoplasms
  A giant cockroach (D:2)
  3 goblins
  3 hobgoblins
  2 jackals (D:1)
  6 bats
  A frilled lizard (D:1)
  2 kobolds
  A rat (D:1)
36 creatures vanquished.

Vanquished Creatures (others)
  A fungus (D:2)
  2 plants (D:2)
3 creatures vanquished.

Grand Total: 39 creatures vanquished

Notes
Turn   | Place    | Note
-------+----------+-------------------------------------------
     0 | D:1      | bande the Gargoyle Fighter began the quest for the Orb.
     0 | D:1      | Reached XP level 1. HP: 14/14 MP: 1/1
   477 | D:1      | Reached XP level 2. HP: 19/19 MP: 2/2
  1759 | D:2      | Found a faded altar of an unknown god.
  1878 | D:3      | Reached XP level 3. HP: 15/23 MP: 3/3
  2132 | D:3      | Reached XP level 4. HP: 29/29 MP: 4/4
  2528 | D:3      | Found a glowing silver altar of Zin.
  2557 | D:3      | Gained mutation: Your mind is acute. (Int +2) [potion of
                  | mutation]
  2557 | D:3      | Gained mutation: You are frail. (-10% HP) [potion of
                  | mutation]
  2557 | D:3      | Gained mutation: You have a pair of small horns on your
                  | head. [potion of mutation]
  2558 | D:3      | Quit the game

Illustrated notes

Levels and vault maps discovered:
D:1:      elethiomel_arrival_infinity_welcomes_careful_drivers, layout_basic,
          chequers_serial_rivers_micro_a
D:2:      layout_basic, shapermc_ecumenical_altar_petra
D:3:      layout_basic, nicolae_overflow_crystal_walls, serial_shops, shop

Skill      XL: |  1  2  3  4 |
---------------+-------------+-----
Axes           | 2 3 |  3.2
Fighting       | |  3.7
Armour         | |  3.9
Shields        | |  3.8

Action                   |  1- 3 |  4- 6 || total
-------------------------+-------+-------++-------
Melee: War axe           |    72 |    46 ||   118
  Use: Scroll            |     5 |     3 ||     8
       Potion            |       |     1 ||     1
Armor: Scale mail        |    41 |    31 ||    72
Dodge: Dodged            |    32 |    18 ||    50
Block: Buckler           |    10 |    10 ||    20

Table legend: (Time is in decaauts)
 A = Elapsed time spent in this place.
 B = Non-inter-level travel time spent in this place.
 C = Inter-level travel time spent in this place.
 D = Time resting spent in this place.
 E = Time spent auto-exploring this place.
 F = Levels seen in this place.
 G = Mean time per level.
                   A        B        C        D        E       F      G
               +--------+--------+--------+--------+--------+-----+--------+
         Total |   2604 |   2575 |     29 |    199 |   1949 |   3 |  868.0 |
       Dungeon |   2604 |   2575 |     29 |    199 |   1949 |   3 |  868.0 |
               +--------+--------+--------+--------+--------+-----+--------+

Top non-repeatable levels by time:
     D:1: 959 daAuts
     D:2: 884 daAuts
     D:3: 760 daAuts
